 Dungeon Crawl Stone Soup version 0.20-a0-507-gc86f373 (webtiles) character file.

639 Klosterheim the Chopper (level 7, -1/56 HPs)
             Began as a Demonspawn Fighter on Jan 21, 2017.
             Slain by Shenda's ghost (5 damage)
             ... on level 4 of the Dungeon.
             The game lasted 00:11:25 (4447 turns).

Klosterheim the Chopper (Demonspawn Fighter)        Turns: 4447, Time: 00:11:26

Health: -1/56      AC: 10    Str: 19    XL:     7   Next: 25%
Magic:  7/7        EV:  7    Int:  9    God:
Gold:   149        SH:  9    Dex: 12    Spells: 6/6 levels left

rFire    + + .     SeeInvis .   a - +0 war axe
rCold    . . .     Gourm    .   p - +0 scale mail {rF+}
rNeg     . . .     Faith    .   c - +0 shield
rPois    .         Spirit   .   (helmet restricted)
rElec    .         Reflect  .   r - +0 cloak
rCorr    .         Harm     .   (no gloves)
MR       .....                  e - +0 pair of boots
Stlth    ..........             (no amulet)
Regen    0.2/turn               (no ring)
                                m - ring of loudness (curse)

@: lethally poisoned (-1 -> -38), very slightly contaminated, hasted, very quick
A: antennae 1, thin metallic scales 1, fire resistance 1, powered by death 1
a: no special abilities


You were on level 4 of the Dungeon.
You were hungry.

You visited 1 branch of the dungeon, and saw 4 of its levels.
You also visited: Sewer.

You collected 149 gold pieces.

Inventory:

Hand Weapons
 a - a +0 war axe (weapon)
Armour
 c - a +0 shield (worn)
 e - a +0 pair of boots (worn)
 p - a +0 scale mail of fire resistance (worn)
 r - a +0 cloak (worn)
Jewellery
 m - a cursed ring of loudness (left hand)
Scrolls
 l - a scroll of fear {unknown}
 s - a scroll of teleportation
Potions
 b - 2 potions of brilliance
 h - 2 potions of curing
 j - a potion of degeneration
 k - a potion of flight
 n - 2 potions of magic {unknown}
 o - a potion of cure mutation
Comestibles
 f - 2 bread rations
 g - a royal jelly
 i - 6 fruits


   Skills:
 + Level 5.3 Fighting
 * Level 6.2 Axes
 - Level 2.6 Armour
 - Level 2.6 Shields


You had 6 spell levels left.
You didn't know any spells.

Dungeon Overview and Level Annotations

Branches:
Dungeon (4/15)
 Temple: D:4-7

Altars:
Ashenzari

Annotations:
D:4 Shenda's ghost, amateur DrTm


Innate Abilities, Weirdness & Mutations

You have a pair of small antennae on your head.
You are partially covered in thin metallic scales. (AC +2)
Your flesh is heat resistant. (rF+)
You regenerate a little health from kills.


Message History

* * * LOW HITPOINT WARNING * * *
You feel sick. Shenda's ghost completely misses you.
You hit Shenda's ghost.
Shenda's ghost is severely damaged.
* * * LOW HITPOINT WARNING * * *
You feel sick.
Shenda's ghost hits you but does no damage.
You are more poisoned.
You hit Shenda's ghost.
Shenda's ghost is almost destroyed.
* * * LOW HITPOINT WARNING * * *
You feel sick. Shenda's ghost hits you.
* * * LOW HITPOINT WARNING * * *
You are more poisoned.
You miss Shenda's ghost.
Shenda's ghost is almost destroyed.
* * * LOW HITPOINT WARNING * * *
You feel very sick. Shenda's ghost hits you.
You die...

.....##.......#.#############
.[.W.##.####).#.##..........#
##<####.# #..#.##..........#
##.# #.# ##.#.##..........#
##.####.# #.#.##..........#
'..#....# ##.#.##..........#
####.#######..#.............#
)..#.#####..................#
##.#....##......@W..........#
##.####.##......##..........#
##.####.##......##........[.#
##.##..(##......#############
##.##...##......#
#.##...##<...#.##
#.#....##....#..#
#.#....#######..## ##.#....#
##..#


You could see Shenda's ghost.

Vanquished Creatures
  An ogre (D:4)
  The ghost of Klosterheim the Skirmisher, an amateur DsFi of Makhleb (D:3)
  A hound (D:4)
  An orc wizard (D:3)
  An orc priest (D:3)
  An iguana (D:4)
  Ijyb (D:3)
  Terence (D:2)
  Natasha (thrice) (D:2)
  2 worker ants
  5 adders
  2 worms (D:3)
  A dart slug (D:1)
  5 leopard geckos
  13 orcs (D:3)
  4 bats
  8 giant cockroaches
  10 hobgoblins
  15 jackals
  10 kobolds
  A quokka (D:4)
  5 ball pythons
  11 frilled lizards
  10 goblins
  3 rats
  4 plants (Sewer)
120 creatures vanquished.

Notes
Turn   | Place    | Note
-------+----------+-------------------------------------------
     0 | D:1      | Klosterheim the Demonspawn Fighter began the quest for the Orb.
     0 | D:1      | Reached XP level 1. HP: 18/18 MP: 1/1
    58 | D:1      | Reached skill level 2 in Axes
   149 | D:1      | Gained mutation: Your flesh is heat resistant. (rF+) [demonic ancestry]
   149 | D:1      | Reached XP level 2. HP: 24/24 MP: 2/2
   810 | D:2      | Gained mutation: You regenerate a little health from kills. [demonic ancestry]
   810 | D:2      | Reached XP level 3. HP: 26/29 MP: 3/3
   863 | D:2      | Found a shattered altar of Ashenzari.
   871 | D:2      | Reached skill level 3 in Axes
   899 | D:2      | Noticed Terence
   908 | D:2      | Killed Terence
  1071 | D:2      | Noticed Natasha
  1083 | D:2      | Killed Natasha
  1083 | D:2      | Gained mutation: You have a pair of small antennae on your head. [demonic ancestry]
  1083 | D:2      | Reached XP level 4. HP: 25/36 MP: 4/4
  1275 | D:2      | Noticed Natasha
  1283 | D:2      | Killed Natasha
  1324 | D:2      | Noticed Natasha
  1326 | D:2      | Killed Natasha
  1326 | D:2      | Reached skill level 4 in Axes
  1326 | D:2      | Reached XP level 5. HP: 25/42 MP: 5/5
  1920 | D:3      | Noticed Ijyb
  1933 | D:3      | Killed Ijyb
  2140 | D:3      | Reached skill level 5 in Axes
  2140 | D:3      | Reached XP level 6. HP: 49/49 MP: 6/6
  2317 | D:3      | Noticed Klosterheim's ghost (amateur DsFi)
  2325 | D:3      | Killed Klosterheim's ghost
  3024 | D:4      | Reached skill level 5 in Fighting
  3041 | D:4      | HP: 2/51 [poisoned by a worker ant]
  3049 | D:4      | HP: 3/76 [poisoned by a worker ant]
  3263 | D:4      | Noticed Shenda's ghost (amateur DrTm)
  3359 | D:3      | Gained mutation: You are partially covered in thin metallic scales. (AC +2) [demonic ancestry]
  3359 | D:3      | Reached XP level 7. HP: 55/56 MP: 7/7
  3528 | D:4      | Reached skill level 6 in Axes
  3577 | D:4      | Found a glowing drain.
  3595 | Sewer    | Entered a sewer
  4447 | D:4      | Slain by Shenda's ghost

Vault maps used:
D:1:      shiori_arrival_elements, minivault_26
D:2:      evilmike_ruin_ashenzari, uniq_terence, uniq_natasha
D:3:      nicolae_overflow_hidden_temple, uniq_iyjb
D:4:      gup_sewer_entry_pipe
Sewer:    sewer_co_scattered_pipes

Skill      XL: |  1  2  3  4  5  6  7 |
---------------+----------------------+-----
Axes           | 2 3 4 5 6 |  6.2
Fighting       | 4 5 |  5.3
Armour         | |  2.6
Shields        | |  2.6

Action                   |  1- 3 |  4- 6 |  7- 9 || total
-------------------------+-------+-------+-------++-------
Melee: War axe           |    55 |   171 |   224 ||   450
  Use: Scroll            |     4 |     6 |       ||    10
       Potion            |     1 |     3 |     3 ||     7
  Eat: Chunk             |     1 |     6 |     5 ||    12
Armor: Scale mail        |    32 |    65 |    85 ||   182
       Skin              |       |     2 |       ||     2
Dodge: Dodged            |    14 |    50 |    46 ||   110
Block: Shield            |    26 |    61 |    87 ||   174
